 Dungeon Crawl Stone Soup version 0.29-a0-816-g82769f0 (webtiles) character file.

Game seed: 6840099243752111590

37488 Illumine the Nimble (level 13, -5/61 (63) HPs)
             Began as a Felid Summoner on July 3, 2022.
             Was an Initiate of Gozag.
             Slain by a skeletal warrior
             ... wielding a +0 dire flail
              (20 damage)
             ... on level 13 of the Dungeon on July 5, 2022.
             The game lasted 02:02:53 (36241 turns).

Illumine the Nimble (Felid Summoner)               Turns: 36241, Time: 02:02:54

HP:   -5/61 (63)    AC:  3    Str:  4    XL:     13   Next: 58%
MP:   24/37         EV: 26    Int: 22    God:    Gozag
Gold: 1479          SH:  5    Dex: 16    Spells: 4/32 levels left
                                        Lives: 0   Deaths: 4

rFire   . . .      SeeInvis +   (weapon unavailable)
rCold   + . .      Faith    .   (shield unavailable)
rNeg    . . .      Spirit   .   (body armour unavailable)
rPois   +          Reflect  +   (helmet unavailable)
rElec   .          Harm     .   (cloak unavailable)
rCorr   .          Rampage  .   (gloves unavailable)
Will    ++...                   (boots unavailable)
Stlth   ++........              g - amulet "Imosh" {Reflect +Inv Will+ SH+5}
HPRegen 0.20/turn               Q - ring of magical power
MPRegen 0.25/turn               R - ring of poison resistance

@: spiked, gold aura, very slightly contaminated, lightly drained, quick
A: very small, claws 1, fangs 3, see invisible, speed 1, shaggy fur 3, stealthy
paws, no weapons or thrown items, no armour, multi-lived
a: Renounce Religion, Evoke Invisibility, Potion Petition, Call Merchant, Bribe
Branch


You were on level 13 of the Dungeon.
You worshipped Gozag.
Gozag was most pleased with you.
You visited 7 branches of the dungeon, and saw 25 of its levels.
You also visited: Bailey.

You collected 6593 gold pieces.
You spent 2296 gold pieces at shops.
You paid 2818 gold pieces to Gozag.

Inventory:

Hand Weapons
 C - the +4 war axe of Ziopsyj {speed, +Blink rCorr}
   (You found it on level 8 of the Dungeon)

   Attacks with this weapon are significantly faster.
   +Blink:    It lets you blink.
   rCorr:     It protects you from acid and corrosion.
Jewellery
 c - a ring of positive energy
 d - an amulet of regeneration
 f - a ring of ice
 g - the amulet "Imosh" (around neck) {Reflect +Inv Will+ SH+5}
   (You bought it in a shop on level 2 of the Lair of Beasts)

   [amulet of reflection]

   It reflects blocked missile attacks.
   +Inv:      It lets you turn invisible.
   SH:        It affects your SH (+5).
   Will:      It increases your willpower.
 t - a +4 ring of protection
 A - a ring of positive energy
 B - a ring of resist corrosion
 E - a ring of protection from cold
 J - a +6 ring of dexterity
 M - a ring of flight
 N - the amulet "Deapelas" {RegenMP Will+++ rCorr Dex-4 SInv}
   (You bought it in a shop on level 2 of the Orcish Mines)

   [amulet of magic regeneration]

   It increases your rate of magic regeneration.
   Dex:       It affects your dexterity (-4).
   SInv:      It lets you see invisible.
   rCorr:     It protects you from acid and corrosion.
   Will:      It greatly increases your willpower.
 Q - a ring of magical power (left paw)
 R - a ring of poison resistance (right paw)
Wands
 s - a wand of iceblast (19)
 y - a wand of polymorph (10)
 z - a wand of charming (12)
 F - a wand of flame (24)
 H - a wand of mindburst (14)
Scrolls
 e - a scroll of amnesia
 h - 3 scrolls of immolation
 i - 9 scrolls of teleportation
 q - a scroll of identify
 w - 2 scrolls of torment
 x - 2 scrolls of fear
 G - 3 scrolls of fog
 I - 2 scrolls of vulnerability
 L - a scroll of poison
 O - 3 scrolls of magic mapping
Potions
 a - 2 potions of magic
 b - 12 potions of curing
 j - 2 potions of lignification
 k - 4 potions of berserk rage
 l - a potion of heal wounds
 m - 6 potions of haste
 n - 2 potions of might
 o - 3 potions of attraction
 p - a potion of mutation
 u - 3 potions of brilliance
 v - 2 potions of resistance
 D - 4 potions of flight
 K - 4 potions of ambrosia
 P - a potion of invisibility
 S - a potion of cancellation
Miscellaneous
 r - a lightning rod (4/4)


   Skills:
 - Level 11.1 Fighting
 - Level 13.3 Dodging
 - Level 3.0 Stealth
 - Level 10.0 Spellcasting
 - Level 8.0 Hexes
 + Level 12.1 Summonings
 * Level 11.6 Necromancy
 - Level 2.0 Translocations
 - Level 10.0 Air Magic
 - Level 4.0 Earth Magic
 - Level 5.0 Evocations


You had 4 spell levels left.
You knew the following spells:

 Your Spells              Type           Power      Damage    Failure   Level
a - Summon Small Mammal   Summ           100%       N/A       1%          1
b - Necrotise             Necr           100%       1d9       1%          1
c - Call Canine Familiar  Summ           59%        N/A       1%          3
d - Summon Guardian Gole  Hex/Summ       53%        N/A       1%          3
e - Summon Lightning Spi  Summ/Air       56%        N/A       1%          4
f - Apportation           Tloc           38%        N/A       2%          1
g - Agony                 Necr           58%        N/A       1%          5
h - Leda's Liquefaction   Hex/Erth       18%        N/A       4%          4
i - Death Channel         Necr           29%        N/A       8%          6

Your spell library contained the following spells:

 Spells                   Type           Power      Damage    Failure   Level
 Sandblast                Erth           56%        2d13      1%          1
 Call Imp                 Summ           59%        N/A       1%          2
 Ensorcelled Hibernation  Hex/Ice        56%        N/A       1%          2
 Anguish                  Hex/Necr       26%        N/A       1%          4
 Dispel Undead            Necr           58%        3d21      1%          4
 Dazzling Flash           Conj/Hex       56%        N/A       3%          3
 Passwall                 Tmut/Erth      15%        N/A       4%          2
 Gell's Gravitas          Tloc           19%        N/A       8%          3
 Lesser Beckoning         Tloc           19%        N/A       8%          3
 Teleport Other           Tloc           19%        N/A       8%          3
 Conjure Flame            Conj/Fire      11%        6-21      19%         3
 Ignite Poison            Fire/Tmut/Pois 11%        N/A       19%         3
 Spider Form              Tmut/Pois      11%        N/A       19%         3
 Iskenderun's Mystic Bla  Conj/Tloc      15%        2d5       36%         4
 Sticky Flame             Conj/Fire      11%        2d3       52%         4
 Silence                  Hex/Air        25%        N/A       4%          5
 Lee's Rapid Deconstruct  Erth           14%        3d10*     32%         5
 Haunt                    Necr/Summ      29%        N/A       36%         7
 Alistair's Intoxication  Tmut/Pois      7%         N/A       86%         5
 Infestation              Necr           29%        N/A       97%         8
 Statue Form              Tmut/Erth      12%        N/A       99%         6
 Starburst                Conj/Fire      5%         6d4       100%        6
 Animate Dead             Necr           Unusable   N/A       N/A         4
 Corpse Rot               Necr/Pois/Air  Unusable   N/A       N/A         4

Dungeon Overview and Level Annotations

Branches:
Dungeon (13/15)            Temple (1/1) D:7            Lair (6/6) D:11
  Swamp (1/4) Lair:2        Snake (1/4) Lair:3        Slime (0/5) Lair:6
    Orc (2/2) D:10            Elf (1/3) Orc:2        Vaults (0/5) D:13
 Bailey (visited)

Altars:
Ashenzari
Cheibriados
Dithmenos
Elyvilon
Fedhas
Gozag
Kikubaaqudgha
Ru
Trog
Vehumet
Xom
Yredelemnul
Zin

Shops:
D:4 (   D:7 (   D:9 *   Orc:1 *   Orc:2 !=((   Lair:2 ?:=

Annotations:
D:6 2 transporters, Tommy's ghost, novice MeFi
D:11 exclusion: statue
Lair:1 6 runed translucent doors
Lair:6 1 runed translucent door
Orc:1 1 runed translucent door, Muguuc's ghost, journeyman DEAM


Innate Abilities, Weirdness & Mutations

You have sharp claws.
You have razor-sharp teeth.
You have supernaturally acute eyesight. (SInv)
You cover ground quickly. (Speed+)
Your thick and shaggy fur keeps you warm. (AC +3, rC+)
Your paws help you pounce on unaware monsters.
You are incapable of wielding weapons or throwing items.
You cannot wear armour.
You gain extra lives every three experience levels.


Message History

You are very lightly contaminated with residual magic.
You feel very uncomfortable!
You feel drained.
* * * LOW HITPOINT WARNING * * *
Something hits your manticore!
Your manticore dies!
Your lightning spire shoots out a bolt of lightning at the skeletal warrior!
The bolt of electricity hits the skeletal warrior! x2
The bolt of electricity hits your lightning spire.
Your lightning spire completely resists.
Unknown command.
Your wolf bites the skeletal warrior but does no damage.
Something hits your lightning spire! Something kicks your lightning spire.
Your wolf barely misses the skeletal warrior.
Something hits your lightning spire but does no damage.
Something kicks your lightning spire but does no damage.
Unknown command.
You barely miss the skeletal warrior.
The skeletal warrior is moderately damaged.
Your wolf bites the skeletal warrior but does no damage.
Something hits your lightning spire!
Something kicks your lightning spire but does no damage.
Your wolf barely misses the skeletal warrior.
The skeletal warrior completely misses you.
Your lightning spire shoots out a bolt of lightning at the skeletal warrior!
The bolt of electricity hits the skeletal warrior!!
The bolt of electricity hits the skeletal warrior.
The bolt of electricity hits your lightning spire.
Your lightning spire completely resists.
Unknown command.
You scratch the skeletal warrior but do no damage.
You bite the skeletal warrior, but do no damage.
The skeletal warrior is severely damaged.
Something hits your lightning spire but does no damage.
Something barely misses your lightning spire.
Your wolf closely misses the skeletal warrior.
Something hits your lightning spire but does no damage.
Something kicks your lightning spire but does no damage.
The skeletal warrior hits you with a +0 dire flail!!
You die...
Your body crumbles into a pile of gold.

#.......#.......# ...
.... #.......'.....###
.#. .... #.......#.....#
. . #... #.............#
.. .. #...
#........####.# .# ..
##...).#.#h...# #..# +#
######.....#...####...#
#
........>#.#####§h8.###.
..
#.####...#....§§@z§§.Hcz
#.
.....'.....#####§9§§###.
.. ######...### ####...#
#.....## #..# #......#
.# #......# . #......#
######## . .


You could see a skeletal warrior (ally target), a friendly guardian golem
(summoned), a friendly wolf (summoned, sheltered) and a friendly lightning spire
(summoned, sheltered).

Vanquished Creatures
  A shock serpent (Snake:1)
  Urug (Lair:5)
  A deep elf pyromancer (D:13)
  A black mamba (Snake:1)
  2 yaks (D:9)
  A vampire mosquito (D:13)
  A centaur (D:12)
  A white imp (D:5)
  2 orcs
  A ball python (D:3)
  2 hobgoblins
  A jackal (D:2)
  2 bats (D:1)
  A frilled lizard (D:2)
18 creatures vanquished.

Vanquished Creatures (collateral kills)
  Rupert (D:13)
  Kirke (D:13)
  Roxanne (Snake:1)
  An ettin (Orc:2)
  A boulder beetle (Lair:4)
  Erolcha (Orc:1)
  4 hydras
  2 ogre magi (Orc:2)
  An anaconda (Snake:1)
  3 catoblepae (Lair:6)
  A dancing weapon (D:12)
  A naga warrior (Snake:1)
  4 two-headed ogres
  5 death yaks (Lair:6)
  A fire crab (shapeshifter) (D:12)
  A glowing orange brain (D:12)
  2 swamp dragons (D:13)
  A deep elf archer (Elf:1)
  A deep elf zephyrmancer (Orc:2)
  A lindwurm (Lair:4)
  2 mana vipers (Snake:1)
  9 orc sorcerers (Orc:2)
  An oklob plant (D:11)
  2 cyclopes (D:11)
  2 manticores
  A will-o-the-wisp (D:13)
  A faun (D:12)
  12 elephants
  5 black mambas
  A naga mage (Snake:1)
  6 cane toads
  An unseen horror (D:13)
  9 komodo dragons
  4 rime drakes
  A tengu conjurer (D:13)
  2 polar bears
  A troll (D:9)
  14 blink frogs
  2 hornets
  5 slime creatures (D:12)
  A jumping spider (Lair:1)
  3 shadows
  2 wraiths
  Sigmund (D:6)
  A water elemental (Elf:1)
  5 wyverns
  60 yaks
  3 vampires
  3 hogs (D:13)
  A human (Bailey)
  2 steam dragons
  2 basilisks
  3 redbacks (Lair:1)
  2 swamp worms (Lair:2)
  2 nagas (Snake:1)
  6 vampire mosquitoes
  A warg (Orc:2)
  An acid dragon (D:12)
  13 water moccasins
  8 orc warriors
  A sky beast (D:8)
  2 black bears (D:7)
  An ice beast (D:7)
  4 ogres (Orc:2)
  17 wolves
  5 centaurs
  3 kobold brigands
  Blork the orc (D:5)
  A gnoll sergeant (D:5)
  2 scorpions
  16 bullfrogs
  2 necrophages
  17 wights
  20 killer bees
  6 howler monkeys
  3 jellies
  5 hounds
  7 orc priests
  2 gnoll boudas
  4 iguanas
  25 orc wizards
  16 gnolls
  3 adders
  A river rat (D:6)
  3 white imps (D:6)
  An ufetubus (D:5)
  2 worms
  3 dart slugs
  52 orcs
  7 bats
  12 endoplasms
  7 goblins
  8 hobgoblins
  3 jackals
  14 kobolds
  4 quokkas
  6 ball pythons
  5 frilled lizards
  3 rats (D:2)
529 creatures vanquished.

Vanquished Creatures (others)
  Harold (Orc:1)
  A hydra (D:13)
  A death yak (Lair:6)
  2 dancing weapons
  A naga sharpshooter (Snake:1)
  An ugly thing (D:11)
  A cyclops (D:12)
  A manticore (D:13)
  A black mamba (Lair:6)
  A naga mage (Snake:1)
  5 elephants
  Maurice (D:13)
  A cane toad (Lair:4)
  A tengu conjurer (D:13)
  3 komodo dragons
  A blink frog (Lair:6)
  A slime creature (D:12)
  A wraith (D:9)
  2 humans (Bailey)
  3 hogs (D:13)
  16 yaks
  2 vampire mosquitoes (D:6)
  A naga (Lair:3)
  5 orc warriors
  A black bear (D:6)
  4 wolves
  5 bullfrogs (Bailey)
  3 wights
  A gnoll bouda (D:6)
  Ijyb (D:4)
  A gnoll (Bailey)
  An ufetubus (D:6)
  An orc (Orc:1)
  A goblin (Bailey)
  A kobold (D:8)
  A bush (D:8)
  46 fungi
  87 plants
  6 toadstools (D:3)
214 creatures vanquished.

Grand Total: 761 creatures vanquished

Notes
Turn   | Place    | Note
-------+----------+-------------------------------------------
     0 | D:1      | Illumine the Felid Summoner began the quest for the Orb.
     0 | D:1      | Reached XP level 1. HP: 7/7 MP: 4/4
    70 | D:1      | You fall into a shaft and drop 1 floor!
   667 | D:2      | Reached skill level 3 in Dodging
   667 | D:2      | Reached XP level 2. HP: 5/11 MP: 4/6
   670 | D:2      | Learned a level 2 spell: Call Imp
  1537 | D:1      | Reached XP level 3. HP: 8/14 MP: 3/7
  1666 | D:1      | Learned a level 3 spell: Call Canine Familiar
  1717 | D:1      | Found a faded altar of an unknown god.
  3092 | D:3      | Found a white marble altar of Elyvilon.
  3451 | D:3      | Reached XP level 4. HP: 18/18 MP: 5/9
  3456 | D:3      | Reached skill level 5 in Summonings
  3516 | D:3      | Learned a level 3 spell: Summon Guardian Golem
  3540 | D:3      | Reached skill level 1 in Hexes
  3540 | D:3      | Reached XP level 5. HP: 21/21 MP: 6/10
  4201 | D:4      | Gained mutation: You are covered in thick fur. (AC +2)
                  | [Felid growth]
  4201 | D:4      | Reached XP level 6. HP: 24/24 MP: 7/12
  4340 | D:4      | Noticed Ijyb
  4355 | D:4      | Killed Ijyb
  4510 | D:4      | Found Oticadu's Weapon Shop.
  5092 | D:5      | Entered Level 5 of the Dungeon
  5132 | D:5      | Noticed Blork the orc
  5508 | D:5      | Learned a level 4 spell: Summon Lightning Spire
  5525 | D:5      | Reached skill level 1 in Air Magic
  5714 | D:5      | Identified the +3 long sword of Valiance {freeze, rPois
                  | MP+9}
  5769 | D:5      | Reached XP level 7. HP: 27/27 MP: 9/14
  6330 | D:6      | Noticed a steam dragon
  6828 | D:6      | Upgraded the game from 0.29-a0-810-g3812dd5 to
                  | 0.29-a0-811-g8c06add
  6971 | D:6      | Reached skill level 5 in Spellcasting
  7139 | D:6      | Killed from afar by a steam dragon
  7140 | D:6      | Reached XP level 6. HP: -2/24 MP: 14/14
  7261 | D:6      | Reached XP level 7. HP: 27/27 MP: 7/15
  7320 | D:6      | Noticed Sigmund
  7358 | D:6      | Killed Sigmund
  7551 | D:6      | Noticed a vampire mosquito
  7551 | D:6      | Noticed a vampire mosquito
  7584 | D:7      | Slain by a black bear
  7585 | D:7      | Reached XP level 6. HP: -1/24 MP: 3/15
  7585 | D:7      | Found Jiaruyng's Antique Weapon Shoppe.
  7674 | D:7      | Reached XP level 7. HP: 27/27 MP: 2/16
  7858 | D:7      | Found a flagged portal.
  7887 | Bailey   | Entered a bailey
  7897 | Bailey   | Noticed a human
  7901 | Bailey   | Noticed a human
  7903 | Bailey   | Killed a human
  7909 | Bailey   | Killed a human
  8110 | Bailey   | Noticed a human
  8124 | Bailey   | Killed a human
  8125 | Bailey   | Reached XP level 8. HP: 31/31 MP: 10/19
  8220 | Bailey   | Noticed a vault guard
  8224 | Bailey   | Noticed Prince Ribbit
  8508 | D:6      | Reached XP level 9. HP: 34/34 MP: 1/22
  8686 | D:6      | Noticed a queen bee
  8702 | D:6      | Noticed Tommy's ghost (novice MeFi)
  8709 | D:6      | Found a transporter.
  8713 | D:6      | Found a transporter.
  8958 | D:6      | Found a glowing silver altar of Zin.
  9241 | D:7      | Reached skill level 1 in Fighting
  9295 | D:7      | Found a staircase to the Ecumenical Temple.
  9308 | Temple   | Entered the Ecumenical Temple
  9415 | Temple   | Became a worshipper of Gozag Ym Sagoz the Greedy
  9416 | Temple   | Upgraded the game from 0.29-a0-811-g8c06add to
                  | 0.29-a0-813-g4a14ea3
  9706 | D:7      | Reached skill level 10 in Summonings
  9844 | D:8      | Reached skill level 4 in Dodging
  9921 | D:8      | Noticed a two-headed ogre
  9937 | D:8      | Killed a two-headed ogre
 10037 | D:8      | Identified the +4 war axe of Ziopsyj {speed, +Blink rCorr}
 10073 | D:8      | Reached skill level 5 in Dodging
 10088 | D:8      | Reached XP level 10. HP: 42/42 MP: 10/23
 10092 | D:8      | Upgraded the game from 0.29-a0-813-g4a14ea3 to
                  | 0.29-a0-816-g82769f0
 10482 | D:8      | Reached skill level 5 in Air Magic
 10697 | D:8      | Reached skill level 6 in Dodging
 11273 | D:9      | Noticed a gargoyle
 11390 | D:9      | Learned a level 1 spell: Apportation
 11522 | D:9      | Reached skill level 1 in Translocations
 11527 | D:9      | Reached skill level 7 in Dodging
 11538 | D:9      | Reached skill level 5 in Fighting
 11689 | D:9      | Found Ocutale's Fire Supplies.
 11711 | D:9      | Bought a wand of flame (9) for 82 gold pieces
 12097 | D:9      | Reached skill level 8 in Dodging
 12325 | D:9      | Reached XP level 11. HP: 48/48 MP: 17/24
 12514 | D:9      | Reached skill level 1 in Evocations
 12739 | D:10     | Entered Level 10 of the Dungeon
 13113 | D:10     | Noticed a two-headed ogre
 13459 | D:10     | Found a staircase to the Orcish Mines.
 13613 | D:10     | Reached skill level 9 in Dodging
 14716 | D:11     | Noticed a two-headed ogre
 14725 | D:11     | Killed a two-headed ogre
 14959 | D:11     | Found a radiant altar of Vehumet.
 14964 | D:11     | Noticed a two-headed ogre
 14980 | D:11     | Killed a two-headed ogre
 14981 | D:11     | Reached skill level 10 in Dodging
 15156 | D:11     | Noticed a purple ugly thing
 15338 | D:11     | Noticed an oklob plant
 15352 | D:11     | Killed a purple ugly thing
 15462 | D:11     | Killed an oklob plant
 15464 | D:11     | Found a staircase to the Lair.
 15570 | Lair:1   | Entered Level 1 of the Lair of Beasts
 15579 | Lair:1   | Reached skill level 5 in Evocations
 15872 | Lair:1   | Gained mutation: Your thick and shaggy fur keeps you warm.
                  | (AC +3, rC+) [Felid growth]
 15872 | Lair:1   | Reached XP level 12. HP: 55/55 MP: 23/25
 15960 | Lair:1   | Reached skill level 11 in Dodging
 16536 | Lair:1   | You fall into a shaft and drop 1 floor!
 16563 | Lair:2   | Bought a scroll of fog for 26 gold pieces
 16563 | Lair:2   | Bought a scroll of identify for 26 gold pieces
 16563 | Lair:2   | Bought a scroll of identify for 26 gold pieces
 16563 | Lair:2   | Bought a scroll of identify for 26 gold pieces
 16563 | Lair:2   | Bought a scroll of teleportation for 39 gold pieces
 16563 | Lair:2   | Bought a scroll of vulnerability for 97 gold pieces
 16569 | Lair:2   | Learned a level 1 spell: Necrotise
 16916 | Lair:2   | Noticed a seven-headed hydra
 16920 | Lair:2   | Killed a seven-headed hydra
 16921 | Lair:2   | Reached skill level 1 in Necromancy
 17438 | Lair:3   | Found a staircase to the Snake Pit.
 17569 | Lair:3   | Reached skill level 12 in Dodging
 18100 | Lair:3   | Reached XP level 13. HP: 60/60 MP: 27/27
 19669 | Lair:4   | Identified the +3 leather armour of the Locust {Drain rPois
                  | MP-9 SInv}
 20259 | D:11     | Learned a level 5 spell: Agony
 20327 | Orc:1    | Entered Level 1 of the Orcish Mines
 20369 | Orc:1    | Found Zicuxko's General Store.
 20522 | Orc:1    | Found a runed translucent door.
 20532 | Orc:1    | Found a shimmering altar of Xom.
 20532 | Orc:1    | Noticed Muguuc's ghost (journeyman DEAM)
 20689 | Orc:1    | Learned a level 4 spell: Leda's Liquefaction
 20694 | Orc:2    | Entered Level 2 of the Orcish Mines
 21028 | Orc:1    | Noticed Erolcha
 21056 | Orc:2    | Noticed an ettin
 21465 | Orc:2    | Found a staircase to the Elven Halls.
 21550 | Orc:2    | Killed an ettin
 21727 | Orc:2    | Reached skill level 10 in Spellcasting
 21727 | Orc:2    | Reached skill level 1 in Earth Magic
 21843 | Orc:2    | Reached skill level 5 in Hexes
 21928 | Orc:2    | Reached skill level 10 in Air Magic
 21988 | Orc:2    | Reached skill level 10 in Fighting
 22209 | Orc:2    | Found Jian's Antique Weapon Shoppe.
 22232 | Orc:2    | Found an ancient bone altar of Kikubaaqudgha.
 22353 | Orc:2    | Found Xesya's Distillery.
 22400 | Orc:2    | Reached skill level 5 in Necromancy
 22410 | Orc:2    | Bought a potion of degeneration for 17 gold pieces
 22413 | Orc:2    | Found a radiant altar of Vehumet.
 22545 | Orc:2    | Found Kuluwn's Antique Weapon Emporium.
 22576 | Orc:2    | Found Nour's Jewellery Emporium.
 22593 | Orc:2    | Bought the amulet "Deapelas" {RegenMP Will+++ rCorr Dex-4
                  | SInv} for 644 gold pieces
 22593 | Orc:2    | Bought a ring of magical power for 260 gold pieces
 22593 | Orc:2    | Bought a ring of poison resistance for 260 gold pieces
 23457 | Lair:5   | Noticed Urug
 23693 | Lair:5   | Killed Urug
 24037 | Lair:5   | Reached XP level 14. HP: 64/66 MP: 29/29
 24417 | Lair:6   | Entered Level 6 of the Lair of Beasts
 25889 | Lair:6   | Found a runed translucent door.
 25908 | Lair:6   | Found a staircase to the Slime Pits.
 27625 | D:13     | Noticed Rupert
 27661 | D:13     | Found a gate to the Vaults.
 27917 | Lair:1   | Found a runed translucent door.
 28428 | D:5      | Killed Blork the orc
 28814 | Lair:2   | Learned a level 6 spell: Death Channel
 29193 | Lair:2   | Found a staircase to the Swamp.
 29352 | Swamp:1  | Entered Level 1 of the Swamp
 29443 | Snake:1  | Entered Level 1 of the Snake Pit
 29790 | Snake:1  | Identified Roxanne's Cyclopedia of Minerals
 29790 | Snake:1  | Noticed Roxanne
 29951 | Snake:1  | Killed Roxanne
 30011 | Snake:1  | HP: 2/66 [shock serpent/electric aura (20)]
 30012 | Snake:1  | Killed from afar by a shock serpent
 30013 | Snake:1  | Reached XP level 13. HP: -3/63 MP: 26/37
 30013 | Snake:1  | Reached skill level 13 in Dodging
 30739 | D:13     | Noticed Maurice
 30745 | D:13     | Killed Maurice
 30750 | D:13     | Noticed Kirke
 31460 | Lair:1   | Found a runed translucent gate.
 31460 | Lair:1   | Found a runed translucent gate.
 31460 | Lair:1   | Found a runed translucent gate.
 31460 | Lair:1   | Found a runed translucent gate.
 31460 | Lair:1   | Found a runed translucent gate.
 31460 | Lair:1   | Found a runed translucent gate.
 31861 | Orc:1    | Killed Erolcha
 31944 | Orc:1    | Noticed Harold
 31956 | Orc:1    | Killed Harold
 31957 | Orc:1    | Reached XP level 14. HP: 67/67 MP: 29/29
 32423 | Elf:1    | Entered Level 1 of the Elven Halls
 32438 | Orc:2    | HP: 1/67 [+4 battleaxe of electrocution (16)]
 32704 | Elf:1    | Identified the +2 helmet of Ediud {Dex+7}
 33143 | D:12     | Reached skill level 10 in Necromancy
 33848 | Lair:2   | Bought the amulet "Imosh" {Reflect +Inv Will+ SH+5} for 793
                  | gold pieces
 35290 | D:13     | Mangled by a +4 long sword
 35291 | D:13     | Reached XP level 13. HP: -11/63 MP: 17/37
 35388 | D:13     | Killed Kirke
 35403 | D:13     | Killed Rupert
 36241 | D:13     | Slain by a skeletal warrior

Illustrated notes

Levels and vault maps discovered:
D:1:      heliophobic_arrival_enchanted_forest, layout_loops_ring,
          ebering_ecumenical_altar_webs
D:2:      layout_basic, serial_curves, eino_curves_01, eino_curves_01
D:3:      cheibrodos_fertilizer, layout_basic, elyvilon_altar_4
D:4:      layout_basic, serial_shops, kennysheep_little_box, chequers_big_river,
          grunt_decor_fettered, kennysheep_generic_room_12, uniq_ijyb
D:5:      layout_rooms, chequers_decorated_corner, sword_in_stone
D:6:      layout_basic, zin_treasury, gammafunk_ghost_hive,
          gup_sewer_entry_spiral, uniq_sigmund
D:7:      layout_cave_pools, minmay_temple_entry_statues_fountains,
          serial_shops, nicolae_stop_n_shop_1, enter_bailey_4,
          kennysheep_generic_room_15
D:8:      layout_cave_pods, minmay_hedge_maze
D:9:      nicolae_cairo_tiling_large, layout_stronghold, nicolae_shop_fire_sale
          [nicolae_sub_dead_trees]
D:10:     layout_loops_ring, david_orc_2, minmay_diced_spiral
D:11:     layout_basic, dpeg_oklobed_lair, vehumet_statue
D:12:     layout_long_grid, centaur_isle
D:13:     minmay_general_purpose_star, layout_basic, erik_vaults_1, pond,
          uniq_maurice, uniq_kirke, uniq_rupert
Temple:   nicolae_temple_slightly_damp_pantheon
Lair:1:   gammafunk_indiana_jones, layout_regular_city
Lair:2:   layout_gridlike, palyth_hydra_swamp_entry,
          nicolae_quartered_pool_medium
Lair:3:   layout_cave_shapes, guppyfry_snake_entry_garden, grunt_megastairs_2,
          infiniplex_staircase_pool_2
Lair:4:   layout_regular_city, grunt_megastairs_3
Lair:5:   layout_loops_ring, uniq_urug
Lair:6:   evilmike_catoblepas_cave, layout_layer_cave, slime_entry_2
Swamp:1:  layout_basic_swamp, gammafunk_ghost_arena,
          evilmike_swamp_ruin_house_5, uniq_jorgrun
Snake:1:  layout_grid_maze, minmay_shop_grove, uniq_roxanne
Orc:1:    layout_caves, serial_shops, shop, ebering_ghost_xom,
          nicolae_orc_crystal_geode, uniq_harold, uniq_erolcha
Orc:2:    kennysheep_orc_mage_school, layout_caves, basic_altar
Elf:1:    layout_geoelf_octagon, serial_shops, shop,
          kennysheep_underground_church, nicolae_danse_macabre

Skill      XL: |  1  2  3  4  5  6  7  8  9 10 11 12 13 14 |
---------------+-------------------------------------------+-----
Dodging        | 3 5 8 10 12 13 | 13.3
Stealth        | 3 |  3.0
Spellcasting   | 3 4 6 8 9 10 | 10.0
Summonings     | 5 6 8 9 10 11 12 | 12.1
Hexes          | 1 3 4 7 8 |  8.0
Air Magic      | 1 4 6 8 9 10 | 10.0
Fighting       | 3 5 7 9 11 | 11.1
Translocations | 2 |  2.0
Evocations     | 5 |  5.0
Necromancy     | 3 11 10 | 11.6
Earth Magic    | 3 4 |  4.0

Action                   |  1- 3 |  4- 6 |  7- 9 | 10-12 | 13-15 || total
-------------------------+-------+-------+-------+-------+-------++-------
Melee: Unarmed           |    28 |    14 |    48 |    80 |   139 ||   309
       Bite              |       |     3 |     4 |    12 |    31 ||    50
       Punch             |       |       |       |     1 |     5 ||     6
 Cast: Summon Small Mamm |    48 |    17 |     1 |     1 |       ||    67
       Call Imp          |    27 |    16 |     9 |     1 |       ||    53
       Call Canine Famil |     4 |    19 |    47 |    54 |   135 ||   259
       Summon Guardian G |       |     4 |    27 |    68 |   154 ||   253
       Summon Lightning  |       |       |    22 |    95 |   189 ||   306
       Leda's Liquefacti |       |       |       |       |    11 ||    11
       Death Channel     |       |       |       |       |     5 ||     5
       Agony             |       |       |       |       |     1 ||     1
Invok: Call Merchant     |       |       |       |     1 |     2 ||     3
Evoke: Wand              |       |       |       |       |    18 ||    18
  Use: Scroll            |     3 |     2 |     4 |    13 |    16 ||    38
       Potion            |       |       |       |       |     3 ||     3
 Stab: Distracted        |       |     1 |       |     4 |     1 ||     6
       Sleeping          |       |       |       |       |     1 ||     1
Armor: Skin              |     4 |     1 |    10 |    14 |    29 ||    58
Dodge: Dodged            |    58 |    15 |    73 |   120 |   324 ||   590
Block: Other             |       |       |       |       |    11 ||    11
       Reflection        |       |       |       |       |     7 ||     7

Table legend: (Time is in decaauts)
 A = Elapsed time spent in this place.
 B = Non-inter-level travel time spent in this place.
 C = Inter-level travel time spent in this place.
 D = Time resting spent in this place.
 E = Time spent auto-exploring this place.
 F = Levels seen in this place.
 G = Mean time per level.
                   A        B        C        D        E       F      G
               +--------+--------+--------+--------+--------+-----+--------+
         Total |  32563 |  29913 |   2650 |   9973 |  11918 |  26 | 1252.4 |
       Dungeon |  18964 |  17419 |   1545 |   6141 |   6762 |  13 | 1458.8 |
        Temple |    103 |     76 |     27 |      0 |     64 |   1 |  103.0 |
          Lair |   8897 |   8131 |    766 |   2062 |   3985 |   6 | 1482.8 |
         Swamp |      1 |      1 |      0 |      0 |      0 |   1 |    1.0 |
     Snake Pit |    854 |    821 |     33 |    384 |     84 |   1 |  854.0 |
  Orcish Mines |   3131 |   2863 |    268 |   1016 |   1005 |   2 | 1565.5 |
   Elven Halls |    259 |    252 |      7 |    174 |     16 |   1 |  259.0 |
        Bailey |    350 |    350 |      0 |    194 |      0 |   1 |  350.0 |
               +--------+--------+--------+--------+--------+-----+--------+

Top non-repeatable levels by time:
    D:12: 3084 daAuts
   Orc:2: 2377 daAuts
  Lair:6: 1820 daAuts
     D:6: 1732 daAuts
  Lair:1: 1570 daAuts
    D:11: 1551 daAuts
  Lair:5: 1540 daAuts
    D:10: 1528 daAuts
     D:9: 1495 daAuts
     D:2: 1442 daAuts
  Lair:4: 1437 daAuts
     D:8: 1421 daAuts
     D:5: 1406 daAuts
  Lair:2: 1382 daAuts
     D:1: 1223 daAuts
